 Dungeon Crawl Stone Soup version 0.31-a0-198-g2ad674f65e (webtiles) character file.

Game seed: 3374249991322639429

46 qw the Shooter (level 3, -1/20 HPs)
             Began as a Deep Elf Hunter on June 25, 2023.
             Slain by a hobgoblin (3 damage)
             ... led by Robin
             ... on level 2 of the Dungeon.
             The game lasted 00:00:18 (922 turns).

qw the Shooter (Deep Elf Hunter)                     Turns: 922, Time: 00:00:19

Health: -1/20      AC:  4    Str: 10    XL:     3   Next: 46%
Magic:  5/5        EV: 12    Int: 13    God:
Gold:   54         SH:  0    Dex: 18    Spells: 2/2 levels left

rFire   . . .        Y - +0 shortbow
rCold   . . .        (shield currently unavailable)
rNeg    . . .        c - +0 leather armour
rPois   .            (no helmet)
rElec   .            (no cloak)
rCorr   .            f - +0 pair of gloves
SInv    .            (no boots)
Will    .....        (no amulet)
Stlth   ++           (no ring)
HPRegen 0.23/turn    (no ring)
MPRegen 0.09/turn

%: no passive effects
@: no status effects
A: no striking features
a: no special abilities


You were on level 2 of the Dungeon.
You visited 1 branch of the dungeon, and saw 2 of its levels.

You collected 54 gold pieces.


   Skills:
 - Level 1.5 Fighting
 + Level 7.0 Ranged Weapons
 - Level 2.4 Dodging
 - Level 1.2 Stealth


You had 2 spell levels left.
You didn't know any spells.
Your spell library was empty.

Inventory:

Hand Weapons
 Y - a +0 shortbow (weapon)
Armour
 c - a +0 leather armour (worn)
 f - a +0 pair of gloves (worn)
Potions
 e - a potion of haste
 h - a potion of curing {unknown}

Dungeon Overview and Level Annotations

Branches:
Dungeon (2/15)

Altars:


Message History

A goblin comes into view. It is wielding a +0 dagger.
You shoot an arrow. The goblin shouts!
The arrow hits Robin but does no damage.
Robin is severely wounded.
A goblin comes into view. It is wielding a +0 dagger.
You shoot an arrow.
The arrow hits Robin but does no damage.
Robin is severely wounded.
The hobgoblin hits you.
A hobgoblin comes into view.
Robin closely misses you.
You shoot an arrow. The arrow hits Robin.
Robin is almost dead.
The hobgoblin hits you.
A goblin comes into view. It is wielding a +0 club.
A hobgoblin comes into view.
The hobgoblin hits you. x2; Robin hits you with a +0 club.
You shoot an arrow.
The arrow hits Robin but does no damage.
Robin is almost dead.
The hobgoblin closely misses you.
Robin says, "Bow before me, strongest of all the hobgoblins!"
Robin barely misses you. The hobgoblin closely misses you.
You shoot an arrow. The arrow barely misses Robin.
The hobgoblin hits you but does no damage.
Robin hits you but does no damage. The hobgoblin barely misses you.
You shoot an arrow. The arrow hits Robin.
You kill Robin!
The hobgoblin barely misses you.
Your Ranged Weapons skill increases to level 7!
You shoot an arrow.
The arrow hits the hobgoblin but does no damage.
The hobgoblin hits you. The goblin barely misses you.
The hobgoblin completely misses you.
You shoot an arrow.
The arrow hits the hobgoblin but does no damage.
The hobgoblin no longer looks unusually strong. x2
The hobgoblin hits you.
You die...

...##### ....... #...
.......## ..... .#.##
.......[######...##.#.#.
........#...........#.#.
.......g#...........#.#.
.....g.g#...........#.#.
.....ggg#...(....##.#.#.
......g@#........##.#.##
#######)#........##.#.##
#.#........##.#...
#..........'....##
########...##.#...
#####..#### #......
#...... #......


You could see 4 hobgoblins and 3 goblins.

Vanquished Creatures
  Robin (D:2)
  2 ball pythons (D:1)
  2 endoplasms (D:1)
  2 giant cockroaches (D:1)
  5 goblins
  4 hobgoblins
  3 jackals (D:1)
  3 quokkas (D:1)
  2 bats (D:1)
  A frilled lizard (D:1)
  3 kobolds (D:1)
  2 rats (D:1)
30 creatures vanquished.

Notes
Turn   | Place    | Note
-------+----------+-------------------------------------------
     0 | D:1      | qw the Deep Elf Hunter began the quest for the Orb.
     0 | D:1      | Reached XP level 1. HP: 12/12 MP: 3/3
     0 | D:1      | 0 ||| qw: Version: 0.3-a-22-g0ed2b0b
     0 | D:1      | 0 ||| qw: Game counter: 5056
     0 | D:1      | 0 ||| qw: Melee chars always use a shield: true
     0 | D:1      | 0 ||| qw: God list: Okawaru
     0 | D:1      | 0 ||| qw: Allow faded altars: false
     0 | D:1      | 0 ||| qw: Do Orc after clearing Dungeon:15 true
     0 | D:1      | 0 ||| qw: Do second Lair branch before Depths: true
     0 | D:1      | 0 ||| qw: Lair rune preference: random
     0 | D:1      | 0 ||| qw: Goals: Normal
     0 | D:1      | 0 ||| PLANNING D:1-11
   104 | D:1      | Reached XP level 2. HP: 16/16 MP: 4/4
   136 | D:1      | Reached skill level 6 in Ranged Weapons
   841 | D:1      | 841 ||| UPGRADING to +0 pair of gloves.
   846 | D:1      | 846 ||| READING scroll labelled CALIEJ EGOBYRA.
   847 | D:1      | 847 ||| READING scroll labelled OWIBOT FAR ORASS.
   848 | D:1      | 848 ||| READING scroll labelled ZEICVU PAHYHE.
   849 | D:1      | 849 ||| DRINKING 2 fuming golden potions.
   850 | D:1      | 850 ||| DROPPING scroll of butterflies.
   901 | D:2      | Reached XP level 3. HP: 20/20 MP: 5/5
   907 | D:2      | Noticed Robin
   917 | D:2      | HP: 3/20 [Robin/+0 club (4)]
   920 | D:2      | Killed Robin
   921 | D:2      | Reached skill level 7 in Ranged Weapons
   922 | D:2      | Slain by a hobgoblin

Levels and vault maps discovered:
D:1:      lightli_arrival_noodles, layout_basic, minmay_fountain_box
D:2:      layout_basic, fountainhead, uniq_crazy_yiuf_cottage, uniq_robin

Skill      XL: |  1  2  3 |
---------------+----------+-----
Ranged Weapons | 6 7 |  7.0
Fighting       | |  1.5
Dodging        | |  2.4
Stealth        | |  1.2

Action                     || total
---------------------------++-------
   Fire: Shortbow          ||    65
    Use: Scroll            ||     3
         Potion            ||     1
 Armour: Leather armour    ||     6
  Dodge: Dodged            ||    13

Table legend:
 A = Non-vault XP
 B = Vault XP
 C = Vault XP percentage of total XP
 D = Non-vault monster count
 E = Vault monster count
 F = Vault count percentage of total count
                 A         B        C        D         E       F
            +---------+---------+-------+---------+---------+-------
      Total |      40 |      27 |  40.3 |      23 |       7 |  23.3
            +---------+---------+-------+---------+---------+-------
        D:1 |      40 |       0 |   0.0 |      23 |       0 |   0.0
        D:2 |       0 |      27 | 100.0 |       0 |       7 | 100.0
            +---------+---------+-------+---------+---------+-------
